 Dungeon Crawl Stone Soup version 0.30.1 (webtiles) character file.

Game seed: 5392282465618551746

53372 boopmooplesden the Stickfighter (level 14, 0/96 HPs)
             Began as a Gargoyle Gladiator on July 11, 2023.
             Was a High Priest of Trog.
             Slain by a fire elemental (1 damage)
             ... summoned by a deep elf pyromancer
             ... on level 15 of the Dungeon.
             The game lasted 00:24:25 (14760 turns).

boopmooplesden the Stickfighter (GrGl)             Turns: 14760, Time: 00:24:26

Health: 0/96       AC: 33    Str: 22    XL:     14   Next: 68%
Magic:  14/14      EV: 11    Int: 10    God:    Trog [*****.]
Gold:   1405       SH:  0    Dex: 16    Spells: 13/13 levels left

rFire   . . .        I - +10 lajatang of a Billion Tales {freeze, *Noise rElec rPois}
rCold   . . .        (shield currently unavailable)
rNeg    + + +        y - +2 chain mail of Wintamm {rC- Will+++ Dex+5 Stlth-}
rPois   ∞            b - +2 hat
rElec   +            (no cloak)
rCorr   +            m - +2 pair of gloves
SInv    .            S - +1 pair of boots
Will    ++++.        R - amulet "Cengyjau" {Acrobat -Cast rN++ rCorr Slay+3} Stlth
                     p - ring of protection from fire
HPRegen 0.36/turn    l - ring of ice
MPRegen 0.14/turn

%: no spellcasting, acrobat
@: on berserk cooldown, flying, slowed, studying Stealth, very slow
A: sickness immunity, AC +10, big wings, negative energy resistance 1,
electricity resistance, torment resistance 1, petrification resistance
a: Renounce Religion, Berserk, Trog's Hand, Brothers in Arms


You were on level 15 of the Dungeon.
You worshipped Trog.
Trog was extremely pleased with you.
You visited 2 branches of the dungeon, and saw 16 of its levels.
You also visited: Ossuary.

You collected 2081 gold pieces.
You spent 676 gold pieces at shops.

Inventory:

Hand Weapons
 a - a +1 spectral quarterstaff
 B - the +7 staff of the Meek {protect, meekguard}
   (You found it on level 5 of the Dungeon)
 E - the +6 quarterstaff "Zoxu" {speed, rElec rN+ Dex-2 SInv}
   (You acquired it on level 6 of the Dungeon)

   Dex:       It affects your dexterity (-2).
   rElec:     It insulates you from electricity.
   rN:        It protects you from negative energy.
   SInv:      It lets you see invisible.
 I - the +10 lajatang of a Billion Tales (weapon) {freeze, *Noise rElec rPois}
   (You acquired it on level 6 of the Dungeon)

   rElec:     It insulates you from electricity.
   rPois:     It protects you from poison.
   *Noise:    It may make noises in combat.
 U - the +5 arbalest of Foisevu {penet, Drain rPois rF+ rC++}
   (You found it on level 14 of the Dungeon)

   rF:        It protects you from fire.
   rC:        It greatly protects you from cold.
   rPois:     It protects you from poison.
   Drain:     It drains your maximum health when unequipped.
Missiles
 e - 7 javelins (quivered)
 q - 16 boomerangs
 F - a throwing net
Armour
 b - a +2 hat (worn)
 m - a +2 pair of gloves (worn)
 y - the +2 chain mail of Wintamm (worn) {rC- Will+++ Dex+5 Stlth-}
   (You found it on level 5 of the Dungeon)

   Dex:       It affects your dexterity (+5).
   rC:        It makes you vulnerable to cold.
   Will:      It greatly increases your willpower.
   Stlth:     It makes you less stealthy.
 S - a +1 pair of boots (worn)
 V - a +2 hat
Jewellery
 l - a ring of ice (right hand)
 p - a ring of protection from fire (left hand)
 D - a ring of flight
 O - a +6 ring of strength
 P - an amulet "Maopunwojo" {Spirit Dex+4}
   (You found it on level 10 of the Dungeon)

   [amulet of guardian spirit]

   It causes incoming damage to be divided between your reserves of health and
   magic.
   Dex:       It affects your dexterity (+4).
 R - the amulet "Cengyjau" (around neck) {Acrobat -Cast rN++ rCorr Slay+3}
   (You acquired it on level 11 of the Dungeon)

   [amulet of the acrobat]

   It increases your evasion while moving and waiting.
   Slay:      It affects your accuracy & damage with ranged weapons and melee
   (+3).
   rN:        It greatly protects you from negative energy.
   -Cast:     It prevents spellcasting.
   rCorr:     It protects you from acid and corrosion.
 T - an amulet of guardian spirit
 W - a ring of ice
Wands
 z - a wand of flame (12)
 C - a wand of quicksilver (9)
 X - a wand of charming (3)
Scrolls
 c - a scroll of blinking
 d - 2 scrolls of poison
 f - 2 scrolls of enchant weapon
 v - 10 scrolls of identify
 w - 3 scrolls of brand weapon
 x - 6 scrolls of teleportation
 J - 3 scrolls of fog
 Q - 2 scrolls of magic mapping
 Y - a scroll of immolation {unknown}
Potions
 g - 5 potions of curing
 h - 3 potions of flight {unknown}
 i - 2 potions of ambrosia {unknown}
 j - a potion of magic {unknown}
 k - 2 potions of heal wounds
 n - 3 potions of might {unknown}
 o - 2 potions of mutation {unknown}
 r - 3 potions of attraction
 s - 3 potions of haste
 t - 4 potions of resistance
 u - 2 potions of brilliance {unknown}
 G - 4 potions of degeneration {unknown}
 H - a potion of invisibility {unknown}
 K - a potion of cancellation {unknown}
Miscellaneous
 A - a lightning rod (4/4)
 L - a piece from Xom's chessboard (15/15)
 M - a phantom mirror
 N - a box of beasts


   Skills:
 + Level 14.6 Fighting
 + Level 16.8 Staves
 + Level 2.5 Throwing
 + Level 12.9 Armour
 + Level 5.8 Dodging
 + Level 4.3 Stealth


You had 13 spell levels left.
You didn't know any spells.
Your spell library contained the following spells:

 Spells                   Type           Power      Damage    Failure   Level
 Sandblast                Erth           0%         2d4       85%         1
 Shock                    Conj/Air       0%         1d3       85%         1
 Passwall                 Tmut/Erth      0%         N/A       94%         2
 Ozocubu's Armour         Ice            0%         N/A       99%         3
 Stone Arrow              Conj/Erth      0%         3d7       99%         3
 Swiftness                Air            0%         N/A       99%         3
 Airstrike                Air            0%         2d(0-16)  100%        4
 Metabolic Englaciation   Hex/Ice        0%         N/A       100%        5
 Simulacrum               Ice/Necr       0%         N/A       100%        6


Dungeon Overview and Level Annotations

Branches:
Dungeon (15/15)            Temple (1/1) D:7            Lair (0/5) D:11
    Orc (0/2) D:10         Vaults (0/5) D:13         Depths (0/4) D:15
Ossuary (visited)

Altars:
Ashenzari
Cheibriados
Dithmenos
Elyvilon
Gozag
Hepliaklqana
Makhleb
Nemelex Xobeh
Qazlal
Ru
Trog
Uskayaw
Vehumet
Wu Jian
Xom
Zin
The Shining One

Shops:
D:10 ?

Portals:
Trove: D:12 (give 11 potions of heal wounds)


Innate Abilities, Weirdness & Mutations

You are immune to sickness and miasma.
Your stone body is resilient. (AC +10)
You are immune to poison.
Your large and strong wings let you fly.
You resist negative energy. (rN+)
You are resistant to electric shocks. (rElec)
You are resistant to unholy torment.
You are immune to petrification.


Message History

Really fly into that cloud of freezing vapour?
You are engulfed in freezing vapours.
The fire elemental barely misses you.
The deep elf pyromancer hits you but does no damage.
Things that are here:
a +2 dagger of speed; a +0 leather armour You barely miss the deep elf pyromancer.
You are engulfed in freezing vapours.
The fire elemental hits you.
You barely miss the deep elf pyromancer.
You are engulfed in freezing vapours.
You are no longer berserk.
You are exhausted.
You feel yourself slow down.
The deep elf pyromancer casts a spell.
The deep elf pyromancer blinks!
The ugly thing simulacrum hits you but does no damage.
The ugly thing simulacrum hits you! The ugly thing simulacrum freezes you!
You slash the ugly thing simulacrum!
The ugly thing simulacrum is lightly damaged.
You are engulfed in freezing vapours.
* * * LOW HITPOINT WARNING * * *
The fire elemental barely misses you. The fire elemental closely misses you.
The ugly thing simulacrum hits you but does no damage. x2
You slash the ugly thing simulacrum!
The ugly thing simulacrum is severely damaged.
The fire elemental hits you. The ugly thing simulacrum hits you.
* * * LOW HITPOINT WARNING * * *
The ugly thing simulacrum freezes you!
* * * LOW HITPOINT WARNING * * *
The ugly thing simulacrum hits you but does no damage.
You slice the ugly thing simulacrum!!
The ugly thing simulacrum vaporises!
The fire elemental barely misses you.
You slice the ugly thing simulacrum!!
The ugly thing simulacrum is heavily damaged.
The fire elemental hits you. The fire elemental burns you!
* * * LOW HITPOINT WARNING * * *
The ugly thing simulacrum hits you but does no damage.
The deep elf pyromancer gestures wildly while chanting.
The fire elemental hits you.
You die...

....########'###.....#.#
~~...##......# ##...<#.#
#≈...##.########...#...#
#~...##...#........#######
#~.######.#.####.###.....##
#~.####.#.#.# #.##.......##
#~.##...#.#.# #.#..#####..#
#~.##.#.#.#.# #Z#..#...#..#
e..##.#<#.#.####@○..#.>.'..#
'..##.###.#.#..[E#..#...#..#
#≈.##.....#.....e#..#####..#
#~....#######.E..##.......##
#~....# #.....##.....##
#~....# #....[.#######
#~...... ####.#.e# #~.......
#...... ≈~....... ####...


You could see a deep elf pyromancer (soul bound), 2 fire elementals and an ugly
thing simulacrum.

Vanquished Creatures
  Gastronok (D:10)
  Louise (D:14)
  Nessos (D:12)
  An ettin (D:13)
  Josephine (D:10)
  3 hydras
  A rakshasa (D:12)
  A catoblepas (D:13)
  5 boulder beetles
  5 tengu warriors
  5 centaur warriors
  2 two-headed ogres
  Sonja (D:10)
  Nergalle (D:10)
  4 skeletal warriors (D:11)
  An iron troll (D:13)
  Lodul (D:11)
  A wizard (D:15)
  A necromancer (D:15)
  2 orc knights (D:15)
  A deep elf pyromancer (D:9)
  16 ugly things
  2 manticores
  8 cyclopes
  Joseph (D:8)
  3 naga magi (D:15)
  3 gargoyles
  2 komodo dragons
  2 redback zombies (D:15)
  A tengu conjurer (D:15)
  5 trolls
  A troll (shapeshifter) (D:13)
  A queen bee (D:10)
  A hornet (shapeshifter) (D:14)
  3 hornets
  A slime creature (D:15)
  18 yaks
  2 vampires
  A hog (shapeshifter) (D:8)
  7 wraiths
  3 steam dragons (D:8)
  A wyvern (D:8)
  A redback (shapeshifter) (D:13)
  2 basilisks
  5 vampire mosquitoes
  3 acid dragons
  3 water moccasins
  7 orc warriors
  2 sky beasts
  3 black bears
  4 ice beasts
  10 ogres
  13 centaurs
  A phantom (D:4)
  5 kobold brigands
  7 bullfrogs
  3 elf zombies (Ossuary)
  5 scorpions
  A gnoll sergeant (D:6)
  4 wights (D:9)
  19 killer bees
  5 electric eels (D:10)
  8 howler monkeys
  5 hounds
  2 centaur zombies (Ossuary)
  A human zombie (Ossuary)
  14 orc priests
  2 jellies
  2 sleepcaps
  A gnoll bouda (D:4)
  6 iguanas
  A boggart zombie (D:15)
  21 orc wizards
  3 hound zombies (Ossuary)
  3 mummies (Ossuary)
  14 gnolls
  8 adders
  4 white imps
  2 ufetubi
  4 adder zombies (Ossuary)
  2 worms
  A dart slug (D:4)
  46 orcs
  4 endoplasms
  3 giant cockroaches
  A gnoll zombie (Ossuary)
  8 goblins
  4 hobgoblins
  4 jackals (D:1)
  31 kobolds
  4 quokkas
  13 ball pythons
  7 bats
  6 frilled lizards
  2 goblin zombies (Ossuary)
  A hobgoblin zombie (Ossuary)
  5 jackal zombies (Ossuary)
  3 kobold zombies (Ossuary)
  3 quokka zombies (Ossuary)
  5 rats
  5 rat zombies (Ossuary)
484 creatures vanquished.

Vanquished Creatures (others)
  An orc (D:8)
1 creature vanquished.

Grand Total: 485 creatures vanquished

Notes
Turn   | Place    | Note
-------+----------+-------------------------------------------
     0 | D:1      | boopmooplesden the Gargoyle Gladiator began the quest for
                  | the Orb.
     0 | D:1      | Reached XP level 1. HP: 12/12 MP: 1/1
    92 | D:1      | Reached XP level 2. HP: 17/17 MP: 2/2
   184 | D:1      | Found a faded altar of an unknown god.
   267 | D:1      | Reached XP level 3. HP: 22/22 MP: 3/3
   781 | D:2      | Reached skill level 1 in Armour
   937 | D:2      | Reached XP level 4. HP: 27/27 MP: 4/4
  1359 | D:2      | HP: 1/27 [orc wizard/magic dart (5)]
  1369 | D:2      | Reached skill level 4 in Staves
  1564 | D:3      | Reached XP level 5. HP: 17/32 MP: 5/5
  1581 | D:3      | Identified a scroll of acquirement
  1581 | D:3      | Acquired 605 gold pieces
  1900 | D:3      | Reached skill level 1 in Stealth
  2210 | D:4      | Noticed an ogre
  2296 | D:4      | Noticed a phantom
  2303 | D:4      | Killed a phantom
  2304 | D:4      | Reached skill level 5 in Staves
  2304 | D:4      | Reached XP level 6. HP: 32/37 MP: 6/6
  2486 | D:4      | Reached XP level 7. HP: 41/41 MP: 7/7
  2990 | D:5      | Entered Level 5 of the Dungeon
  2994 | D:5      | Reached skill level 6 in Staves
  3011 | D:5      | Identified the +2 chain mail of Wintamm {rC- Will+++ Dex+5
                  | Stlth-}
  3082 | D:5      | Found a snail-covered altar of Cheibriados.
  3105 | D:5      | Found a glowing golden altar of the Shining One.
  3440 | D:5      | Reached skill level 7 in Staves
  3440 | D:5      | Reached XP level 8. HP: 48/48 MP: 8/8
  3566 | D:5      | Found a glowing silver altar of Zin.
  4230 | D:5      | Reached skill level 8 in Staves
  4442 | D:5      | Found the +7 staff of the Meek {protect, meekguard}
  4509 | D:6      | Reached XP level 9. HP: 47/52 MP: 9/9
  4545 | D:6      | Reached skill level 5 in Armour
  4552 | D:6      | Acquired the +6 quarterstaff "Zoxu" {speed, rElec rN+ Dex-2
                  | SInv}
  4723 | D:6      | Reached skill level 5 in Fighting
  4736 | D:6      | Reached skill level 9 in Staves
  4858 | D:6      | Found a sand-covered staircase.
  4867 | Ossuary  | Entered an ossuary
  5252 | D:6      | Found an opulent altar of Gozag.
  5320 | D:6      | Acquired the +10 lajatang of a Billion Tales {freeze,
                  | *Noise rElec rPois}
  5398 | D:7      | Found a staircase to the Ecumenical Temple.
  5407 | D:7      | Reached skill level 10 in Staves
  5667 | D:7      | Reached XP level 10. HP: 55/60 MP: 10/10
  5674 | Temple   | Entered the Ecumenical Temple
  5693 | Temple   | Became a worshipper of Trog the Wrathful
  5834 | D:7      | Reached skill level 11 in Staves
  6061 | D:7      | Reached * piety under Trog
  6737 | D:8      | Noticed a centaur warrior
  6742 | D:8      | Killed a centaur warrior
  6743 | D:8      | Noticed a harpy
  6743 | D:8      | Noticed a seven-headed hydra
  6750 | D:8      | Reached skill level 12 in Staves
  6751 | D:8      | a harpy changed into a hog
  6754 | D:8      | Noticed a tengu warrior
  6764 | D:8      | Killed a tengu warrior
  6776 | D:8      | Noticed a gargoyle
  7011 | D:8      | Killed a ten-headed hydra
  7012 | D:8      | Reached XP level 11. HP: 67/67 MP: 11/11
  7144 | D:8      | Noticed Joseph
  7167 | D:8      | Killed Joseph
  7507 | D:8      | Noticed a tengu warrior
  7507 | D:8      | Noticed an eight-headed hydra
  7519 | D:8      | Killed a tengu warrior
  7520 | D:8      | Reached skill level 13 in Staves
  7523 | D:8      | Killed an 11-headed hydra
  7535 | D:8      | Reached ** piety under Trog
  7911 | D:9      | Noticed a deep elf pyromancer
  7918 | D:9      | Killed a deep elf pyromancer
  8552 | D:9      | Reached *** piety under Trog
  8645 | D:10     | Entered Level 10 of the Dungeon
  8683 | D:10     | Noticed a two-headed ogre
  8690 | D:10     | Killed a two-headed ogre
  8784 | D:10     | Reached skill level 14 in Staves
  8975 | D:10     | Noticed Josephine
  8980 | D:10     | Killed Josephine
  8981 | D:10     | Reached XP level 12. HP: 64/75 MP: 12/12
  9050 | D:10     | Noticed Sonja
  9080 | D:10     | Noticed Nergalle
  9086 | D:10     | Killed Nergalle
  9373 | D:10     | Identified an amulet "Maopunwojo" {Spirit Dex+4}
  9504 | D:10     | Found a staircase to the Orcish Mines.
  9513 | D:10     | Killed Sonja
  9583 | D:10     | Found Baguink's Magic Scroll Boutique.
  9586 | D:10     | Noticed Gastronok
  9598 | D:10     | Killed Gastronok
  9599 | D:10     | Reached skill level 10 in Fighting
  9618 | D:10     | Bought a scroll of acquirement for 676 gold pieces
  9618 | D:10     | Acquired a manual of Stealth
  9650 | D:10     | Reached skill level 10 in Armour
  9652 | D:10     | Reached **** piety under Trog
 10139 | D:10     | Found a radiant altar of Vehumet.
 10166 | D:11     | Noticed a boulder beetle
 10196 | D:10     | Killed a boulder beetle
 10384 | D:11     | Reached skill level 15 in Staves
 10394 | D:11     | Reached skill level 5 in Dodging
 10429 | D:11     | Found a staircase to the Lair.
 10473 | D:11     | Noticed Lodul
 10482 | D:11     | Killed Lodul
 10514 | D:11     | Reached XP level 13. HP: 55/84 MP: 13/13
 11067 | D:11     | Acquired the amulet "Cengyjau" {Acrobat -Cast rN++ rCorr
                  | Slay+3}
 11378 | D:12     | Found a portal to a secret trove of treasure.
 11476 | D:12     | Noticed a rakshasa
 11492 | D:12     | Killed a rakshasa
 11981 | D:12     | Noticed Nessos
 11987 | D:12     | Killed Nessos
 12824 | D:13     | Reached ***** piety under Trog
 12832 | D:13     | Reached skill level 16 in Staves
 12834 | D:13     | Noticed an ettin
 12845 | D:13     | Killed an ettin
 12972 | D:13     | Found a gate to the Vaults.
 13217 | D:14     | Gained mutation: Your large and strong wings let you fly.
                  | [Gargoyle growth]
 13217 | D:14     | Reached XP level 14. HP: 75/94 MP: 14/14
 13733 | D:14     | Noticed Louise
 13745 | D:14     | Killed Louise
 13876 | D:14     | Identified the +5 arbalest of Foisevu {penet, Drain rPois
                  | rF+ rC++}
 14144 | D:15     | Entered Level 15 of the Dungeon
 14575 | D:15     | HP: 4/96 [orc knight/+0 long sword (8)]
 14715 | D:15     | Found a staircase to the Depths.
 14760 | D:15     | HP: 1/96 [fire elemental[a deep elf pyromancer] (9)]
 14760 | D:15     | Slain by a fire elemental

Illustrated notes

Levels and vault maps discovered:
D:1:      erik_arrival_orb_chamber, layout_basic,
          nicolae_ecumenical_snake_handling
D:2:      layout_rooms, nicolae_titane
D:3:      layout_basic, kennysheep_orc_chapel
D:4:      layout_cave_pods
D:5:      layout_basic, nicolae_overflow_crystal_walls, jmf_multi_god_temple,
          hangedman_decor_growths, pf_guarded_unrand_meek
D:6:      layout_rooms, grunt_gozag_statues, nicolae_ossuary_entry_plus
D:7:      minmay_octagon_keep, layout_loops_cross, minmay_temple_entry_tees
D:8:      minmay_the_grid_triangle_9x9_rhombus_thin
          [minmay_the_grid_triangle_9x9_semitri,
          minmay_the_grid_triangle_9x9_prize_schism,
          minmay_the_grid_triangle_9x9_thin_v,
          minmay_the_grid_triangle_9x9_impossible_snake], layout_basic,
          uniq_joseph
D:9:      minmay_angry_zag, layout_rooms, grunt_ministairs_5
D:10:     layout_basic, fiery_altar_vehumet, david_orc_3, serial_shops,
          nicolae_square_shop, nicolae_looking_at_the_future, uniq_nergalle,
          uniq_sonja, uniq_gastronok, uniq_josephine
D:11:     layout_rooms, grunt_lair_entry_orc_guard_hut, billiards_dpeg,
          uniq_lodul
D:12:     layout_cave_pods, enter_trove_2, uniq_nessos
D:13:     layout_basic, david_vaults_4
D:14:     layout_roguey, corexii_hall_statues_u, uniq_louise
D:15:     grunt_enter_depths_magical_seal, layout_basic, minmay_misc_feat_rows,
          nooodl_orcs_dogs
Temple:   nicolae_temple_bog_church

Skill      XL: |  1  2  3  4  5  6  7  8  9 10 11 12 13 14 |
---------------+-------------------------------------------+-----
Throwing       | 2 |  2.5
Armour         | 1 2 3 4 6 8 9 10 12 | 12.9
Dodging        | 3 4 5 |  5.8
Staves         | 4 5 7 8 10 12 14 15 16 | 16.8
Stealth        | 1 2 3 4 |  4.3
Fighting       | 3 4 5 7 8 11 13 14 | 14.6

Action                     |  1- 3 |  4- 6 |  7- 9 | 10-12 | 13-15 || total
---------------------------+-------+-------+-------+-------+-------++-------
  Melee: Quarterstaff      |   107 |   103 |   289 |       |       ||   499
         Lajatang          |       |       |    38 |   451 |   377 ||   866
  Throw: Throwing net      |       |     6 |     1 |       |       ||     7
 Invoke: Berserk           |       |       |       |     7 |     6 ||    13
         Trog's Hand       |       |       |       |       |     2 ||     2
    Use: Scroll            |     3 |     6 |     3 |    16 |     3 ||    31
         Potion            |       |     1 |     1 |       |     3 ||     5
   Stab: Held in net/web   |       |     2 |       |       |       ||     2
         Distracted        |       |       |     2 |       |       ||     2
 Armour: Leather armour    |    77 |     7 |       |       |       ||    84
         Scale mail        |       |    36 |     6 |       |       ||    42
         Chain mail        |       |       |   202 |   376 |   228 ||   806
  Dodge: Dodged            |   128 |    70 |   169 |   279 |   196 ||   842
